 Dungeon Crawl Stone Soup version 0.20.1-1-g8b1a95d (webtiles) character file.

233 HighpriestofRu the Gusty (level 5, 0/38 HPs)
             Began as a Draconian Air Elementalist on Dec 4, 2017.
             Slain by a gnoll
             ... wielding a +0 halberd
              (15 damage)
             ... on level 3 of the Dungeon.
             The game lasted 00:24:36 (3093 turns).

HighpriestofRu the Gusty (DrAE)                     Turns: 3093, Time: 00:24:36

Health: 0/38       AC:  5    Str: 10 (11) XL:     5   Next: 74%
Magic:  4/10       EV: 12    Int: 16      God:
Gold:   117        SH:  0    Dex: 11      Spells: 1/11 levels left

rFire    + . .     SeeInvis .   h - +2 short sword (speed)
rCold    x . .     Gourm    .   (no shield)
rNeg     . . .     Faith    .   (armour unavailable)
rPois    .         Spirit   .   (helmet restricted)
rElec    .         Reflect  .   (no cloak)
rCorr    .         Harm     .   (no gloves)
MR       .....                  (no boots)
Stlth    ++........             (no amulet)
Regen    0.2/turn               n - ring of fire
MPRegen  0.2/turn               (no ring)

@: no status effects
A: unfitting armour, cold-blooded, AC +5
a: no special abilities


You were on level 3 of the Dungeon.
You were not hungry.

You visited 1 branch of the dungeon, and saw 3 of its levels.

You collected 117 gold pieces.

Inventory:

Hand Weapons
 d - a +0 war axe
 h - a +2 short sword of speed (weapon)
 k - a +0 dagger
Jewellery
 n - a ring of fire (left hand)
Scrolls
 c - 2 scrolls of enchant armour
 e - 5 scrolls of identify
 f - a scroll of fog
 g - 2 scrolls of fear
 i - a scroll of remove curse
 o - a scroll of magic mapping {unknown}
Potions
 l - a potion of curing
 p - a potion of brilliance
 r - a potion of resistance
Books
 a - a book of Air

   Spells                             Type                      Level
   a - Shock                          Conjuration/Air              1
   b - Swiftness                      Charms/Air                   2
   c - Static Discharge               Conjuration/Air              3
   d - Airstrike                      Air                          4
   e - Lightning Bolt                 Conjuration/Air              5
Comestibles
 b - 2 bread rations
 j - a meat ration
 m - 5 chunks of flesh


   Skills:
 - Level 1.7 Dodging
 - Level 1.7 Stealth
 + Level 3.8 Spellcasting
 + Level 2.7 Conjurations
 + Level 4.6 Air Magic


You had one spell level left.
You knew the following spells:

 Your Spells              Type           Power        Failure   Level  Hunger
a - Shock                 Conj/Air       ##..         3%          1    None
b - Swiftness             Chrm/Air       ##......     10%         2    ##.....
c - Static Discharge      Conj/Air       ##......     11%         3    ###....
d - Airstrike             Air            ###.......   26%         4    ####...


Dungeon Overview and Level Annotations

Branches:
Dungeon (3/15)

Altars:
Trog


Innate Abilities, Weirdness & Mutations

Your plain brown scales are hard. (AC +5)
You cannot fit into any form of body armour.
You are cold-blooded and may be slowed by cold attacks.


Message History

The zap misses the gnoll.
The gnoll hits you from afar with a halberd!
Casting: Shock
Confirm with . or Enter, or press ? or * to list all spells.
Aiming: Shock
Press: ? - help, Shift-Dir - straight line, f/p - gnoll
Aim: a gnoll, wielding a halberd (severely wounded)
The zap hits the gnoll.
The gnoll is severely wounded.
The gnoll barely misses you.
Found a potion of degeneration.
Casting: Shock
Confirm with . or Enter, or press ? or * to list all spells.
Aiming: Shock
Press: ? - help, Shift-Dir - straight line, p - gnoll The zap hits the gnoll.
The gnoll is almost dead.
The zap misses the gnoll.
The gnoll hits you from afar with a halberd!
You die...

#.# #.#
#.# #.#
#.# #.#
#.# #g####
#..@.#
#....#
#!...#
#.#....
#.#.####
.### #.#..
.....#.
#.####
#....<...
#.
+........#
#........#


You could see a gnoll.

Vanquished Creatures
  The ghost of Rocangus994 the Skirmisher, a weakling MiBe of Trog (D:3)
  An orc priest (D:3)
  3 adders
  2 oozes
  2 worms
  3 dart slugs
  2 leopard geckos
  7 orcs (D:3)
  A ball python (D:1)
  7 giant cockroaches
  7 hobgoblins
  27 jackals
  2 quokkas (D:2)
  A bat (D:1)
  4 frilled lizards
  7 goblins
  4 kobolds (D:2)
  11 rats
92 creatures vanquished.

Notes
Turn   | Place    | Note
-------+----------+-------------------------------------------
     0 | D:1      | HighpriestofRu the Draconian Air Elementalist began the quest for the Orb.
     0 | D:1      | Reached XP level 1. HP: 14/14 MP: 3/3
   288 | D:1      | Reached XP level 2. HP: 3/20 MP: 0/5
   571 | D:1      | Learned a level 2 spell: Swiftness
   825 | D:1      | Reached XP level 3. HP: 26/26 MP: 4/7
   918 | D:1      | Learned a level 3 spell: Static Discharge
  1393 | D:2      | Reached XP level 4. HP: 33/33 MP: 0/8
  1695 | D:2      | Noticed a moth of wrath
  1803 | D:2      | Found a bloodstained altar of Trog.
  1897 | D:2      | Reached skill level 4 in Air Magic
  2350 | D:3      | Noticed Rocangus994's ghost (weakling MiBe)
  2351 | D:3      | Reached XP level 5. HP: 38/38 MP: 0/10
  2417 | D:3      | Killed Rocangus994's ghost
  2602 | D:3      | Learned a level 4 spell: Airstrike
  3093 | D:3      | Slain by a gnoll

Skill      XL: |  1  2  3  4 |
---------------+-------------+-----
Spellcasting   | 3 |  3.8
Air Magic      | 4 |  4.6
Conjurations   | 2 |  2.7
Dodging        | |  1.7
Stealth        | |  1.7

Action                   |  1- 3 |  4- 6 || total
-------------------------+-------+-------++-------
Melee: Unarmed           |    11 |       ||    11
       Tailslap          |     5 |     7 ||    12
       Dagger            |     9 |    20 ||    29
       Hand axe          |       |    25 ||    25
       Short sword       |       |    14 ||    14
 Cast: Shock             |    54 |    96 ||   150
       Static Discharge  |       |     5 ||     5
  Use: Scroll            |       |     8 ||     8
       Potion            |       |     6 ||     6
  Eat: Chunk             |     1 |     3 ||     4
       Meat ration       |       |     1 ||     1
Armor: Skin              |    16 |    33 ||    49
Dodge: Dodged            |    35 |    78 ||   113
